| TOP OF THE 1ST |
|
Rochester Red Wings batting - Pitching for Salt Lake Bees : RHP Allen Weaver
|
|
Pitching: RHP Allen Weaver
|
|
|
Batting: RHB Joe Young
|
0-0: Ball 1-0: Bunt missed! 1-1: Called Strike 1-2: Foul Ball, location: 2F 1-2: Ground out 6-3 (Groundball, 6S, EV 75.0 MPH)
|
|
Batting: SHB Ian Thompson
|
0-0: Ball 1-0: Called Strike 1-1: Ball 2-1: Called Strike 2-2: Strikes out swinging
|
|
Batting: LHB Chaim Huting
|
0-0: Ball 1-0: Called Strike 1-1: Ground out 1-3 (Groundball, 13, EV 72.5 MPH)
|
| Top of the 1st over - 0 runs, 0 hits, 0 errors, 0 left on base; Rochester 0 - Salt Lake 0 |
| BOTTOM OF THE 1ST |
|
Salt Lake Bees batting - Pitching for Rochester Red Wings : RHP Bill Rondeau
|
|
Pitching: RHP Bill Rondeau
|
|
|
Batting: LHB Justin Alexander
|
0-0: Foul Ball, location: 2F 0-1: Called Strike 0-2: Strikes out looking
|
|
Batting: LHB Jonathon Walton
|
0-0: Ball 1-0: Called Strike 1-1: Swinging Strike 1-2: Ball 2-2: Ground out 6-3 (Groundball, 6M, EV 104.4 MPH)
|
|
Batting: RHB Ryan Munro
|
0-0: Called Strike 0-1: Ball 1-1: Called Strike 1-2: Ground out 3-1 (Groundball, 13, EV 80.0 MPH)
|
| Bottom of the 1st over - 0 runs, 0 hits, 0 errors, 0 left on base; Rochester 0 - Salt Lake 0 |
| TOP OF THE 2ND |
|
Rochester Red Wings batting - Pitching for Salt Lake Bees : RHP Allen Weaver
|
|
Batting: SHB Dan Morataya
|
0-0: Foul Ball, location: 2F 0-1: Ball 1-1: Called Strike 1-2: Foul Ball, location: 2F 1-2: Foul Ball, location: 2F 1-2: Foul Ball, location: 2F 1-2: Foul Ball, location: 2F 1-2: Strikes out swinging
|
|
Batting: LHB Chris Munguia
|
0-0: Ground out U3 (Groundball, 3L, EV 103.8 MPH)
|
|
Batting: RHB Manuel Juarez
|
0-0: Called Strike 0-1: Foul Ball, location: 2F 0-2: Foul Ball, location: 2F 0-2: Foul Ball, location: 2F 0-2: DOUBLE (Line Drive, 78D, EV 106.2 MPH)
|
|
Batting: SHB Manny Molina
|
0-0: Called Strike 0-1: Foul Ball, location: 2F 0-2: Ball 1-2: Strikes out looking
|
| Top of the 2nd over - 0 runs, 1 hit, 0 errors, 1 left on base; Rochester 0 - Salt Lake 0 |
| BOTTOM OF THE 2ND |
|
Salt Lake Bees batting - Pitching for Rochester Red Wings : RHP Bill Rondeau
|
|
Batting: LHB Brett Bugge
|
0-0: Ball 1-0: Foul Ball, location: 2F 1-1: Ball 2-1: Called Strike 2-2: Foul Ball, location: 2F 2-2: Foul Ball, location: 2F 2-2: Ball 3-2: Strikes out swinging
|
|
Batting: LHB James McCauley
|
0-0: SINGLE (Line Drive, 4D, EV 94.4 MPH)
|
|
Batting: RHB Melvin Gomez
|
0-0: Ball 1-0: Swinging Strike 1-1: Ball 2-1: Ball 3-1: Called Strike 3-2: Base on Balls James McCauley to second
|
|
Batting: RHB Josh Faulconer
|
0-0: Called Strike 0-1: Ball 1-1: Swinging Strike 1-2: Foul Ball, location: 2F 1-2: Ball 2-2: Ball 3-2: Foul Ball, location: 2F 3-2: Strikes out swinging
|
|
Batting: RHB Brandon Davis
|
0-0: Foul Ball, location: 2F 0-1: Foul Ball, location: 2F 0-2: Ball 1-2: Strikes out swinging
|
| Bottom of the 2nd over - 0 runs, 1 hit, 0 errors, 2 left on base; Rochester 0 - Salt Lake 0 |
| TOP OF THE 3RD |
|
Rochester Red Wings batting - Pitching for Salt Lake Bees : RHP Allen Weaver
|
|
Batting: RHB Mike Craver
|
0-0: Hit by Pitch
|
|
Batting: RHB Ryan Gautney
|
0-0: Ball 1-0: Foul Ball, location: 2F 1-1: DOUBLE (Flyball, 7LD, EV 104.4 MPH) Mike Craver to third
|
|
Batting: RHB Joe Young
|
0-0: Ball 1-0: Ball 2-0: Foul Ball, location: 2F 2-1: Swinging Strike 2-2: Ball 3-2: Strikes out looking
|
|
Batting: SHB Ian Thompson
|
0-0: Called Strike 0-1: Ball 1-1: Ball 2-1: Foul Ball, location: 2F 2-2: Foul Ball, location: 2F 2-2: Fly out, F7 (Flyball, 78S, EV 84.4 MPH) Runner from 3rd tags up, OUT at HOME! 7-2
|
| Top of the 3rd over - 0 runs, 1 hit, 0 errors, 1 left on base; Rochester 0 - Salt Lake 0 |
| BOTTOM OF THE 3RD |
|
Salt Lake Bees batting - Pitching for Rochester Red Wings : RHP Bill Rondeau
|
|
Batting: LHB Larry Prey
|
0-0: Ground out U3 (Groundball, 3, EV 83.8 MPH)
|
|
Batting: LHB Justin Alexander
|
0-0: Ball 1-0: Ball 2-0: Ball 3-0: Base on Balls
|
|
Batting: LHB Jonathon Walton
|
0-0: Ball Justin Alexander steals 2nd base 1-0: Swinging Strike 1-1: Ground out 4-3 (Groundball, 34, EV 104.4 MPH) Justin Alexander to third
|
|
Batting: RHB Ryan Munro
|
0-0: Called Strike 0-1: Ball 1-1: Foul Ball, location: 2F 1-2: Ball 2-2: Ball 3-2: Foul Ball, location: 2F 3-2: SINGLE (Groundball, 56D, EV 96.2 MPH) Justin Alexander scores
|
|
Batting: LHB Brett Bugge
|
0-0: Called Strike 0-1: Ball 1-1: Ball 2-1: Swinging Strike 2-2: Fielders Choice at 2nd, 6-4 (Groundball, 6, EV 110.0 MPH)
|
| Bottom of the 3rd over - 1 run, 1 hit, 0 errors, 1 left on base; Rochester 0 - Salt Lake 1 |
| TOP OF THE 4TH |
|
Rochester Red Wings batting - Pitching for Salt Lake Bees : RHP Allen Weaver
|
|
Batting: LHB Chaim Huting
|
0-0: Ball 1-0: Ball 2-0: Swinging Strike 2-1: Ball 3-1: Foul Ball, location: 2F 3-2: Base on Balls
|
|
Batting: SHB Dan Morataya
|
0-0: Called Strike 0-1: Ball 1-1: Swinging Strike 1-2: Strikes out swinging
|
|
Batting: LHB Chris Munguia
|
0-0: Swinging Strike 0-1: Ball Passed Ball! Chaim Huting to second 1-1: Ball 2-1: Reached on error, E5 (Groundball, 56S, EV 71.2 MPH) Chaim Huting to third
|
|
Batting: RHB Manuel Juarez
|
0-0: Foul Ball, location: 2F 0-1: Foul Ball, location: 2F 0-2: Ball 1-2: Grounds into double play, 5-4-3 (Groundball, 56, EV 105.0 MPH)
|
| Top of the 4th over - 0 runs, 0 hits, 1 error, 1 left on base; Rochester 0 - Salt Lake 1 |
| BOTTOM OF THE 4TH |
|
Salt Lake Bees batting - Pitching for Rochester Red Wings : RHP Bill Rondeau
|
|
Batting: LHB James McCauley
|
0-0: Foul Ball, location: 2F 0-1: SINGLE (Line Drive, 4MD, EV 94.4 MPH)
|
|
Batting: RHB Melvin Gomez
|
0-0: Ball 1-0: Ball 2-0: Ball 3-0: Base on Balls James McCauley to second
|
|
Batting: RHB Josh Faulconer
|
0-0: Ball 1-0: Ball 2-0: Called Strike 2-1: Ball 3-1: Base on Balls James McCauley to third Melvin Gomez to second
|
|
Batting: RHB Brandon Davis
|
0-0: Called Strike 0-1: Ball 1-1: Ball 2-1: Fly out, F6 (Line Drive, 6M, EV 63.8 MPH)
|
|
Now at SS: Dan Grable
|
|
|
Batting: LHB Larry Prey
|
0-0: Foul Ball, location: 2F 0-1: Foul Ball, location: 2F 0-2: Ball 1-2: Strikes out swinging
|
|
Batting: LHB Justin Alexander
|
0-0: Called Strike 0-1: Called Strike 0-2: Strikes out swinging
|
| Bottom of the 4th over - 0 runs, 1 hit, 0 errors, 3 left on base; Rochester 0 - Salt Lake 1 |
| TOP OF THE 5TH |
|
Rochester Red Wings batting - Pitching for Salt Lake Bees : RHP Allen Weaver
|
|
Batting: SHB Manny Molina
|
0-0: Called Strike 0-1: Ball 1-1: Ball 2-1: Ball 3-1: Ground out 4-3 (Groundball, 4, EV 101.9 MPH)
|
|
Batting: RHB Mike Craver
|
0-0: Ball 1-0: Ball 2-0: Swinging Strike 2-1: Ball 3-1: Fly out, F8 (Flyball, 8LD, EV 91.2 MPH)
|
|
Batting: RHB Dan Grable
|
0-0: Called Strike 0-1: Ball 1-1: Ball 2-1: SINGLE (Groundball, 56S, EV 75.0 MPH) (infield hit)
|
|
Pitching: RHP George Rosario
|
|
|
Batting: RHB Joe Young
|
0-0: Fly out, F8 (Flyball, 8RM, EV 90.6 MPH)
|
| Top of the 5th over - 0 runs, 1 hit, 0 errors, 1 left on base; Rochester 0 - Salt Lake 1 |
| BOTTOM OF THE 5TH |
|
Salt Lake Bees batting - Pitching for Rochester Red Wings : RHP Bill Rondeau
|
|
Batting: LHB Jonathon Walton
|
0-0: Ball 1-0: Foul Ball, location: 2F 1-1: Ball 2-1: Ball 3-1: DOUBLE (Line Drive, 7LM, EV 106.2 MPH)
|
|
Batting: RHB Ryan Munro
|
0-0: SINGLE (Groundball, 56D, EV 103.8 MPH) Jonathon Walton to third
|
|
Batting: LHB Brett Bugge
|
0-0: Ball 1-0: SINGLE (Groundball, 56D, EV 96.9 MPH) Jonathon Walton scores Ryan Munro to second
|
|
Batting: LHB James McCauley
|
0-0: Ball 1-0: Grounds into double play, 4-6-3 (Groundball, 4, EV 78.8 MPH) Ryan Munro to third
|
|
Batting: RHB Melvin Gomez
|
0-0: Swinging Strike 0-1: SINGLE (Groundball, 56S, EV 67.5 MPH) (infield hit) Ryan Munro scores
|
|
Batting: RHB Josh Faulconer
|
0-0: Ball 1-0: Ball 2-0: Ball 3-0: Base on Balls Melvin Gomez to second
|
|
Batting: RHB Brandon Davis
|
0-0: Called Strike 0-1: Called Strike 0-2: Foul Ball, location: 2F 0-2: Strikes out looking
|
| Bottom of the 5th over - 2 runs, 4 hits, 0 errors, 2 left on base; Rochester 0 - Salt Lake 3 |
| TOP OF THE 6TH |
|
Rochester Red Wings batting - Pitching for Salt Lake Bees : RHP George Rosario
|
|
Batting: SHB Ian Thompson
|
0-0: Ball 1-0: Ball 2-0: Called Strike 2-1: Foul Ball, location: 2F 2-2: Foul Ball, location: 2F 2-2: Ball 3-2: Base on Balls
|
|
Batting: LHB Chaim Huting
|
0-0: Ball 1-0: Ball 2-0: Called Strike 2-1: SINGLE (Groundball, 6D, EV 96.2 MPH) Ian Thompson to second
|
|
Batting: SHB Dan Morataya
|
0-0: Fielders Choice at 2nd, 5-4 (Groundball, 56S, EV 82.5 MPH) Ian Thompson to third
|
|
Batting: LHB Chris Munguia
|
0-0: Ball 1-0: Foul Ball, location: 2F 1-1: Ball Wild Pitch! Ian Thompson scores Dan Morataya to second 2-1: Ball 3-1: Foul Ball, location: 2F 3-2: Base on Balls
|
|
Batting: RHB Manuel Juarez
|
0-0: Called Strike 0-1: Ball 1-1: Ball 2-1: Foul Ball, location: 2F 2-2: Ball 3-2: Base on Balls Dan Morataya to third Chris Munguia to second
|
|
Batting: SHB Manny Molina
|
0-0: Called Strike 0-1: Foul Ball, location: 2F 0-2: Strikes out swinging
|
|
Batting: RHB Mike Craver
|
0-0: Ball 1-0: Foul Ball, location: 2F 1-1: Swinging Strike 1-2: Strikes out looking
|
| Top of the 6th over - 1 run, 1 hit, 0 errors, 3 left on base; Rochester 1 - Salt Lake 3 |
| BOTTOM OF THE 6TH |
|
Salt Lake Bees batting - Pitching for Rochester Red Wings : RHP Bill Rondeau
|
|
Batting: LHB Larry Prey
|
0-0: Ball 1-0: Ball 2-0: Ball 3-0: Swinging Strike 3-1: Foul Ball, location: 2F 3-2: Strikes out swinging
|
|
Pitching: RHP Ryan Graham
|
|
|
Batting: LHB Justin Alexander
|
0-0: Bunted foul 0-1: Ground out U3 (Groundball, 3L, EV 106.2 MPH)
|
|
Batting: LHB Jonathon Walton
|
0-0: Called Strike 0-1: Called Strike 0-2: Ball 1-2: Foul Ball, location: 2F 1-2: SINGLE (Flyball, 78S, EV 93.1 MPH)
|
|
Batting: RHB Ryan Munro
|
0-0: Foul Ball, location: 2F 0-1: Foul Ball, location: 2F 0-2: Ball 1-2: Ball 2-2: Ground out 4-3 (Groundball, 4, EV 81.2 MPH)
|
| Bottom of the 6th over - 0 runs, 1 hit, 0 errors, 1 left on base; Rochester 1 - Salt Lake 3 |
| TOP OF THE 7TH |
|
Rochester Red Wings batting - Pitching for Salt Lake Bees : RHP George Rosario
|
|
Pitching: RHP Joe Beam
|
|
|
Batting: RHB Dan Grable
|
0-0: Ball 1-0: Swinging Strike 1-1: Foul Ball, location: 2F 1-2: Foul Ball, location: 2F 1-2: Strikes out swinging
|
|
Batting: RHB Joe Young
|
0-0: Ball 1-0: Called Strike 1-1: Ball 2-1: Ground out 6-3 (Groundball, 56, EV 80.6 MPH)
|
|
Batting: SHB Ian Thompson
|
0-0: Called Strike 0-1: Ball 1-1: Ball 2-1: Ball 3-1: Base on Balls
|
|
Batting: LHB Chaim Huting
|
0-0: Ground out 1-3 (Groundball, 13S, EV 67.5 MPH)
|
| Top of the 7th over - 0 runs, 0 hits, 0 errors, 1 left on base; Rochester 1 - Salt Lake 3 |
| BOTTOM OF THE 7TH |
|
Salt Lake Bees batting - Pitching for Rochester Red Wings : RHP Ryan Graham
|
|
Batting: LHB Brett Bugge
|
0-0: Ball 1-0: Called Strike 1-1: Ground out 1-3 (Groundball, 13S, EV 76.2 MPH)
|
|
Batting: LHB James McCauley
|
0-0: Called Strike 0-1: Ball 1-1: Foul Ball, location: 2F 1-2: Strikes out looking
|
|
Batting: RHB Melvin Gomez
|
0-0: Swinging Strike 0-1: Ground out 4-3 (Groundball, 4, EV 94.4 MPH)
|
| Bottom of the 7th over - 0 runs, 0 hits, 0 errors, 0 left on base; Rochester 1 - Salt Lake 3 |
| TOP OF THE 8TH |
|
Rochester Red Wings batting - Pitching for Salt Lake Bees : RHP Joe Beam
|
|
Pitching: RHP Danny Nava
|
|
|
Batting: SHB Dan Morataya
|
0-0: Swinging Strike 0-1: Called Strike 0-2: Ball 1-2: Fly out, F9 (Line Drive, 9S, EV 86.2 MPH)
|
|
Batting: LHB Chris Munguia
|
0-0: SINGLE (Line Drive, 78M, EV 101.9 MPH)
|
|
Batting: RHB Manuel Juarez
|
0-0: Foul Ball, location: 2F 0-1: Called Strike 0-2: Ball 1-2: Foul Ball, location: 2F 1-2: Foul Ball, location: 2F 1-2: Strikes out swinging
|
|
Batting: SHB Manny Molina
|
0-0: Called Strike 0-1: Swinging Strike 0-2: Foul Ball, location: 2F 0-2: Ball 1-2: SINGLE (Groundball, 5S, EV 66.2 MPH) (infield hit) Chris Munguia to second
|
|
Batting: RHB Mike Craver
|
0-0: Swinging Strike 0-1: Ball 1-1: Foul Ball, location: 2F 1-2: Ball 2-2: Ball 3-2: Strikes out swinging
|
| Top of the 8th over - 0 runs, 2 hits, 0 errors, 2 left on base; Rochester 1 - Salt Lake 3 |
| BOTTOM OF THE 8TH |
|
Salt Lake Bees batting - Pitching for Rochester Red Wings : RHP Ryan Graham
|
|
Pitching: LHP Antoine Champagne
|
|
|
Batting: RHB Josh Faulconer
|
0-0: Called Strike 0-1: Foul Ball, location: 2F 0-2: Ball 1-2: SOLO HOME RUN (Flyball, 78XD, EV 109.4 MPH), Distance : 413 ft
|
|
Batting: RHB Brandon Davis
|
0-0: Foul Ball, location: 2F 0-1: Foul Ball, location: 2F 0-2: Foul Ball, location: 2F 0-2: Strikes out swinging
|
|
Batting: LHB Larry Prey
|
0-0: Called Strike 0-1: Foul Ball, location: 2F 0-2: Ball 1-2: Strikes out looking
|
|
Batting: LHB Justin Alexander
|
0-0: Ball 1-0: Ball 2-0: Ball 3-0: Called Strike 3-1: Called Strike 3-2: SINGLE (Groundball, 34S, EV 66.2 MPH) (infield hit)
|
|
Batting: LHB Jonathon Walton
|
0-0: Called Strike 0-1: Called Strike 0-2: Hit by Pitch Justin Alexander to second
|
|
Batting: RHB Ryan Munro
|
0-0: Ball Passed Ball! Justin Alexander to third Jonathon Walton to second 1-0: Ball 2-0: Called Strike 2-1: SINGLE (Groundball, 6D, EV 110.0 MPH) Justin Alexander scores Jonathon Walton to third Runner from 3rd tries for Home, SAFE, throw by LF to home
|
|
Pitching: RHP Matthew Lange
|
|
|
Batting: LHB Brett Bugge
|
0-0: Fielders Choice at 2nd, 6-4 (Groundball, 6, EV 100.0 MPH)
|
| Bottom of the 8th over - 3 runs, 3 hits, 0 errors, 1 left on base; Rochester 1 - Salt Lake 6 |
| TOP OF THE 9TH |
|
Rochester Red Wings batting - Pitching for Salt Lake Bees : RHP Danny Nava
|
|
Batting: RHB Dan Grable
|
0-0: Ground out 5-3 (Groundball, 56S, EV 92.5 MPH)
|
|
Batting: RHB Joe Young
|
0-0: Called Strike 0-1: Ball 1-1: Ball 2-1: SINGLE (Groundball, 6MD, EV 97.5 MPH)
|
|
Batting: SHB Ian Thompson
|
0-0: Swinging Strike 0-1: SINGLE (Groundball, 4MD, EV 106.2 MPH) Joe Young to second
|
|
Batting: LHB Chaim Huting
|
0-0: Ball 1-0: Called Strike 1-1: Swinging Strike 1-2: Fly out, F7 (Flyball, 7, EV 95.6 MPH)
|
|
Batting: SHB Dan Morataya
|
0-0: Ball 1-0: Foul Ball, location: 2F 1-1: Called Strike 1-2: Ball 2-2: Strikes out looking
|
| Top of the 9th over - 0 runs, 2 hits, 0 errors, 2 left on base; Rochester 1 - Salt Lake 6 |
|